NWL (28 & UNDER)
MOOSE JAW GHOSTBUSTERS @ CULVER CITY EXTRAS
09/17/2025
 
TOP OF THE 1ST
Moose Jaw Ghostbusters batting - Pitching for Culver City Extras : RHP Allen Bannatyne
Pitching: RHP Allen Bannatyne
Batting: RHB Juan Vázquez 0-0: Ball
1-0: Ball
2-0: Swinging Strike
2-1: DOUBLE (Groundball, 5L)
Batting: LHB Will Vale 0-0: Foul Ball, location: 2F
0-1: Ball
1-1: Ball
2-1: Called Strike
2-2: Fly out, F8 (Line Drive, 8RS)
Batting: RHB Paco Hernández 0-0: Called Strike
0-1: Ball
1-1: Ball
2-1: Swinging Strike
2-2: Foul Ball, location: 2F
2-2: Ball
3-2: Base on Balls
Batting: LHB Armando Torres 0-0: Ball
1-0: Swinging Strike
1-1: Called Strike
1-2: Ball
2-2: Foul Ball, location: 2F
2-2: Foul Ball, location: 2F
2-2: SINGLE (Line Drive, 7S)
Juan Vázquez to third
Paco Hernández to second
Batting: RHB John Major 0-0: Fly out, F8 (Flyball, 8LD)
Runner from 3rd tags up, SCORES, no throw
Paco Hernández to third
Batting: RHB Luis Miguel Sánchez 0-0: Called Strike
0-1: Swinging Strike
0-2: Ball
1-2: Hit by Pitch
Armando Torres to second
Batting: RHB Dan Hooper 0-0: Called Strike
0-1: Ball
1-1: Fielders Choice at 2nd, U6 (Groundball, 6M)
Top of the 1st over - 1 run(s), 2 hit(s), 0 error(s), 3 left on base; Moose Jaw 1 - Culver City 0
BOTTOM OF THE 1ST
Culver City Extras batting - Pitching for Moose Jaw Ghostbusters : RHP Bill Jones
Pitching: RHP Bill Jones
Batting: RHB Bob Magee 0-0: Ball
1-0: Swinging Strike
1-1: Ground out 5-3 (Groundball, 56)
Batting: LHB Nick English 0-0: Ball
1-0: Ground out 4-3 (Groundball, 4)
Batting: LHB Tanyu Imai 0-0: Called Strike
0-1: Ball
1-1: Ball
2-1: Ball
3-1: Called Strike
3-2: Ground out 4-3 (Groundball, 4)
Bottom of the 1st over - 0 run(s), 0 hit(s), 0 error(s), 0 left on base; Moose Jaw 1 - Culver City 0
TOP OF THE 2ND
Moose Jaw Ghostbusters batting - Pitching for Culver City Extras : RHP Allen Bannatyne
Batting: RHB Neil Weeks 0-0: Ball
1-0: Fly out, F4 (Popup, 3F)
Batting: LHB John Robbins 0-0: Ball
1-0: Called Strike
1-1: Called Strike
1-2: Foul Ball, location: 2F
1-2: Ball
2-2: Strikes out swinging
Batting: RHB Juan Vázquez 0-0: Ball
1-0: Swinging Strike
1-1: Ball
2-1: SINGLE (Line Drive, 56D)
Batting: LHB Will Vale 0-0: Called Strike
0-1: Ball
Juan Vázquez steals 2nd base
1-1: Swinging Strike
1-2: Ball
2-2: Ball
3-2: Foul Ball, location: 2F
3-2: Strikes out looking
Top of the 2nd over - 0 run(s), 1 hit(s), 0 error(s), 1 left on base; Moose Jaw 1 - Culver City 0
BOTTOM OF THE 2ND
Culver City Extras batting - Pitching for Moose Jaw Ghostbusters : RHP Bill Jones
Batting: LHB Larry Howard 0-0: Called Strike
0-1: Foul Ball, location: 2F
0-2: Ball
1-2: Ground out 4-3 (Groundball, 4)
Batting: RHB Ben Alexander 0-0: Foul Ball, location: 2F
0-1: Ball
1-1: Foul Ball, location: 2F
1-2: Ball
2-2: Fly out, F7 (Flyball, 7M)
Batting: RHB Lorne Witcher 0-0: Ball
1-0: Ball
2-0: Called Strike
2-1: Fly out, F8 (Flyball, 8LM)
Bottom of the 2nd over - 0 run(s), 0 hit(s), 0 error(s), 0 left on base; Moose Jaw 1 - Culver City 0
TOP OF THE 3RD
Moose Jaw Ghostbusters batting - Pitching for Culver City Extras : RHP Allen Bannatyne
Batting: RHB Paco Hernández 0-0: Ball
1-0: Called Strike
1-1: Ball
2-1: Ball
3-1: Ground out 5-3 (Groundball, 5S)
Batting: LHB Armando Torres 0-0: Foul Ball, location: 2F
0-1: Ball
1-1: Foul Ball, location: 2F
1-2: Strikes out swinging
Batting: RHB John Major 0-0: Called Strike
0-1: Ball
1-1: Ball
2-1: Fly out, F7 (Flyball, 7M)
Top of the 3rd over - 0 run(s), 0 hit(s), 0 error(s), 0 left on base; Moose Jaw 1 - Culver City 0
BOTTOM OF THE 3RD
Culver City Extras batting - Pitching for Moose Jaw Ghostbusters : RHP Bill Jones
Batting: LHB Edmund Ross 0-0: Ball
1-0: Foul Ball, location: 2F
1-1: Ball
2-1: Fly out, F8 (Line Drive, 8RM)
Batting: LHB Brian Ford 0-0: Ball
1-0: Called Strike
1-1: Ground out 4-3 (Groundball, 4)
Batting: RHB Carlos Rodríguez 0-0: Called Strike
0-1: SINGLE (Line Drive, 6D)
Batting: RHB Bob Magee 0-0: Called Strike
0-1: Ball
1-1: Ball
2-1: Ball
3-1: Base on Balls
Carlos Rodríguez to second
Batting: LHB Nick English 0-0: Foul Ball, location: 2F
0-1: Ball
1-1: Swinging Strike
1-2: TRIPLE (Line Drive, 89M)
Carlos Rodríguez scores
Bob Magee scores
Batting: LHB Tanyu Imai 0-0: Ground out 4-3 (Groundball, 4)
Bottom of the 3rd over - 2 run(s), 2 hit(s), 0 error(s), 1 left on base; Moose Jaw 1 - Culver City 2
TOP OF THE 4TH
Moose Jaw Ghostbusters batting - Pitching for Culver City Extras : RHP Allen Bannatyne
Batting: RHB Luis Miguel Sánchez 0-0: Bunt for hit - play at first, batter OUT! 3-4
Batting: RHB Dan Hooper 0-0: Foul Ball, location: 2F
0-1: Ball
1-1: Foul Ball, location: 2F
1-2: SINGLE (Line Drive, 6MD)
Batting: RHB Neil Weeks 0-0: Ball
1-0: Foul Ball, location: 2F
1-1: Foul Ball, location: 2F
1-2: Fly out, F4 (Popup, 3D)
Batting: LHB John Robbins 0-0: Called Strike
0-1: Ball
1-1: Ground out 5-3 (Groundball, 5L)
Top of the 4th over - 0 run(s), 1 hit(s), 0 error(s), 1 left on base; Moose Jaw 1 - Culver City 2
BOTTOM OF THE 4TH
Culver City Extras batting - Pitching for Moose Jaw Ghostbusters : RHP Bill Jones
Batting: LHB Larry Howard 0-0: Foul Ball, location: 2F
0-1: Ball
1-1: Ground out 1-3 (Groundball, 15S)
Batting: RHB Ben Alexander 0-0: Called Strike
0-1: Ball
1-1: Ball
2-1: Ground out 6-3 (Groundball, 6)
Batting: RHB Lorne Witcher 0-0: Called Strike
0-1: Ball
1-1: Called Strike
1-2: Ball
2-2: Strikes out swinging
Bottom of the 4th over - 0 run(s), 0 hit(s), 0 error(s), 0 left on base; Moose Jaw 1 - Culver City 2
TOP OF THE 5TH
Moose Jaw Ghostbusters batting - Pitching for Culver City Extras : RHP Allen Bannatyne
Batting: RHB Juan Vázquez 0-0: Ball
1-0: Foul Ball, location: 2F
1-1: Swinging Strike
1-2: Ball
2-2: Foul Ball, location: 2F
2-2: Ground out 4-3 (Groundball, 4)
Batting: LHB Will Vale 0-0: Called Strike
0-1: Swinging Strike
0-2: Ball
1-2: TRIPLE (Line Drive, 3D)
Batting: RHB Paco Hernández 0-0: Hit by Pitch
Batting: LHB Armando Torres 0-0: Called Strike
0-1: Ball
1-1: Foul Ball, location: 2F
1-2: Strikes out swinging
Batting: RHB John Major 0-0: 3-RUN HOME RUN (Line Drive, 7D), Distance : 364 ft
Batting: RHB Luis Miguel Sánchez 0-0: Called Strike
0-1: Called Strike
0-2: Ball
1-2: Strikes out looking
Top of the 5th over - 3 run(s), 2 hit(s), 0 error(s), 0 left on base; Moose Jaw 4 - Culver City 2
BOTTOM OF THE 5TH
Culver City Extras batting - Pitching for Moose Jaw Ghostbusters : RHP Bill Jones
Batting: LHB Edmund Ross 0-0: Foul Ball, location: 2F
0-1: Ball
1-1: Ball
2-1: Ball
3-1: Foul Ball, location: 2F
3-2: Strikes out swinging
Batting: LHB Brian Ford 0-0: Ball
1-0: Called Strike
1-1: Foul Ball, location: 2F
1-2: Ball
2-2: Strikes out swinging
Batting: RHB Carlos Rodríguez 0-0: Called Strike
0-1: Fly out, F9 (Flyball, 9LM)
Bottom of the 5th over - 0 run(s), 0 hit(s), 0 error(s), 0 left on base; Moose Jaw 4 - Culver City 2
TOP OF THE 6TH
Moose Jaw Ghostbusters batting - Pitching for Culver City Extras : RHP Allen Bannatyne
Pitching: RHP Juan Tapia
Batting: RHB Dan Hooper 0-0: Ball
1-0: Foul Ball, location: 2F
1-1: Fly out, F9 (Flyball, 9M)
Batting: RHB Neil Weeks 0-0: Ball
1-0: Ball
2-0: Swinging Strike
2-1: Swinging Strike
2-2: Foul Ball, location: 2F
2-2: Ball
3-2: Strikes out looking
Batting: LHB John Robbins 0-0: Ball
1-0: Ball
2-0: Swinging Strike
2-1: Swinging Strike
2-2: Ground out 5-3 (Groundball, 56)
Top of the 6th over - 0 run(s), 0 hit(s), 0 error(s), 0 left on base; Moose Jaw 4 - Culver City 2
BOTTOM OF THE 6TH
Culver City Extras batting - Pitching for Moose Jaw Ghostbusters : RHP Bill Jones
Batting: RHB Bob Magee 0-0: Called Strike
0-1: Swinging Strike
0-2: DOUBLE (Flyball, 78D)
Batting: LHB Nick English 0-0: Ground out 1-3 (Groundball, 13S)
Bob Magee to third
Batting: LHB Tanyu Imai 0-0: Called Strike
0-1: Ball
1-1: Foul Ball, location: 2F
1-2: Fly out, F5 (Popup, 5SF)
Batting: LHB Larry Howard 0-0: Ball
1-0: Swinging Strike
1-1: Ball
2-1: Ball
3-1: Foul Ball, location: 2F
3-2: SINGLE (Flyball, 8LS)
Bob Magee scores
Pitching: RHP Rod Walters
Batting: RHB Ben Alexander 0-0: Ball
1-0: Foul Ball, location: 2F
1-1: Called Strike
1-2: Strikes out looking
Bottom of the 6th over - 1 run(s), 2 hit(s), 0 error(s), 1 left on base; Moose Jaw 4 - Culver City 3
TOP OF THE 7TH
Moose Jaw Ghostbusters batting - Pitching for Culver City Extras : RHP Juan Tapia
Batting: RHB Juan Vázquez 0-0: Ball
1-0: Swinging Strike
1-1: Ball
2-1: Ball
3-1: Base on Balls
Batting: LHB Will Vale 0-0: Ball
1-0: Sac Bunt - play at first, batter OUT! 1-4
Juan Vázquez to second
Batting: RHB Paco Hernández 0-0: Called Strike
0-1: Swinging Strike
0-2: Ball
1-2: Strikes out swinging
Batting: LHB Armando Torres 0-0: Ball
1-0: Fly out, F9 (Flyball, 89M)
Top of the 7th over - 0 run(s), 0 hit(s), 0 error(s), 1 left on base; Moose Jaw 4 - Culver City 3
BOTTOM OF THE 7TH
Culver City Extras batting - Pitching for Moose Jaw Ghostbusters : RHP Rod Walters
Batting: RHB Lorne Witcher 0-0: Called Strike
0-1: Ball
1-1: Foul Ball, location: 2F
1-2: Ground out 5-3 (Groundball, 6S)
Batting: LHB Edmund Ross 0-0: Swinging Strike
0-1: Swinging Strike
0-2: Strikes out looking
Batting: LHB Brian Ford 0-0: Called Strike
0-1: Swinging Strike
0-2: Ball
1-2: Ball
2-2: Ball
3-2: Foul Ball, location: 2F
3-2: SINGLE (Line Drive, 56)
Pinch Hitting: RHB Tony Cruz 0-0: Ball
1-0: Called Strike
1-1: Called Strike
1-2: Ground out 4-3 (Groundball, 34D)
Bottom of the 7th over - 0 run(s), 1 hit(s), 0 error(s), 1 left on base; Moose Jaw 4 - Culver City 3
TOP OF THE 8TH
Moose Jaw Ghostbusters batting - Pitching for Culver City Extras : RHP Juan Tapia
Pitching: RHP Von Hicks
Now at SS: Horace Johnson
Batting: RHB John Major 0-0: Called Strike
0-1: Ball
1-1: Ball
2-1: Ground out 6-3 (Groundball, 6)
Batting: RHB Luis Miguel Sánchez 0-0: Called Strike
0-1: Ball
1-1: Called Strike
1-2: Fly out, F7 (Flyball, 7M)
Batting: RHB Dan Hooper 0-0: Ground out 5-3 (Groundball, 5S)
Top of the 8th over - 0 run(s), 0 hit(s), 0 error(s), 0 left on base; Moose Jaw 4 - Culver City 3
BOTTOM OF THE 8TH
Culver City Extras batting - Pitching for Moose Jaw Ghostbusters : RHP Rod Walters
Now in CF: Manuel Pérez
Batting: RHB Bob Magee 0-0: Foul Ball, location: 2F
0-1: Ball
1-1: Foul Ball, location: 2F
1-2: Strikes out swinging
Pitching: RHP Whit Johnson
Batting: LHB Nick English 0-0: Ball
1-0: Ball
2-0: SOLO HOME RUN (Flyball, 9D), Distance : 387 ft
Batting: LHB Tanyu Imai 0-0: Ball
1-0: Called Strike
1-1: Foul Ball, location: 2F
1-2: Foul Ball, location: 2F
1-2: Ball
2-2: Reached on error, E4 (Groundball, 4M)
Batting: LHB Larry Howard 0-0: Intentional Walk
Pinch Hitting: LHB Benny Richard 0-0: Foul Ball, location: 2F
0-1: Foul Ball, location: 2F
0-2: Ball
1-2: Foul Ball, location: 2F
1-2: Ball
2-2: Strikes out swinging
Batting: RHB Lorne Witcher 0-0: Ground out 6-3 (Groundball, 6)
Bottom of the 8th over - 1 run(s), 1 hit(s), 1 error(s), 2 left on base; Moose Jaw 4 - Culver City 4
TOP OF THE 9TH
Moose Jaw Ghostbusters batting - Pitching for Culver City Extras : RHP Von Hicks
Pitching: RHP Pedro Días
Now at 1B: Benny Richard
Pinch Hitting: RHB Shawn Bane 0-0: Ground out 4-3 (Groundball, 4)
Batting: LHB John Robbins 0-0: Foul Ball, location: 2F
0-1: Foul Ball, location: 2F
0-2: Strikes out looking
Batting: RHB Juan Vázquez 0-0: Called Strike
0-1: Swinging Strike
0-2: Ball
1-2: Strikes out swinging
Top of the 9th over - 0 run(s), 0 hit(s), 0 error(s), 0 left on base; Moose Jaw 4 - Culver City 4
BOTTOM OF THE 9TH
Culver City Extras batting - Pitching for Moose Jaw Ghostbusters : RHP Whit Johnson
Pitching: RHP Brandon Williams
Now at C: Shawn Bane
Pinch Hitting: RHB Bill Little 0-0: Ball
1-0: Ball
2-0: Foul Ball, location: 2F
2-1: Ground out U3 (Groundball, 3)
Batting: LHB Brian Ford 0-0: Ball
1-0: Fly out, F2 (Popup, 2LF)
Pinch Hitting: LHB Richard Bell 0-0: Ball
1-0: Ball
2-0: Foul Ball, location: 2F
2-1: Foul Ball, location: 2F
2-2: DOUBLE (Line Drive, 7LM)
Pinch Hitting: RHB Max Alexander 0-0: Foul Ball, location: 2F
0-1: Ball
Error on foul ball, E5
1-2: 2-RUN HOME RUN (Flyball, 8LD), Distance : 432 ft
This league is powered by Out of the Park Baseball, the baseball management simulation game for PC, Mac and Linux
Tuesday, August 2nd, 2016 - OOTP Baseball 16.8 Build 38